 Dungeon Crawl Stone Soup version 0.28-a0-563-gf77a47075d (webtiles) character file.

Game seed: 14287799817345817600

471 bande the Chopper (level 7, -1/66 HPs)
             Began as a Gargoyle Fighter on Sept 30, 2021.
             Slain by a river rat (4 damage)
             ... summoned by Eustachio
             ... on level 5 of the Dungeon.
             The game lasted 00:07:47 (4140 turns).

bande the Chopper (Gargoyle Fighter)                Turns: 4140, Time: 00:07:47

Health: -1/66      AC: 20    Str: 22      XL:     7   Next: 9%
Magic:  7/7        EV:  6    Int:  9      God:
Gold:   200        SH:  4    Dex:  6 (10) Spells: 6/6 levels left

rFire   . . .      SeeInvis .   a - +0 war axe
rCold   . . .      Faith    +   c - +0 buckler
rNeg    + . .      Spirit   .   g - +0 plate armour
rPois   ∞          Reflect  .   (no helmet)
rElec   +          Harm     .   (no cloak)
rCorr   .          Rampage  .   (no gloves)
Will    .....                   (no boots)
Stlth   ..........              o - amulet of faith
HPRegen 0.21/turn               i - +4 ring of protection
MPRegen 0.10/turn               (no ring)

@: berserking (expiring), very quick
A: sickness immunity, AC +4, negative energy resistance 1, electricity
resistance, torment resistance 1, petrification resistance, hooves 1, strong 1,
wild magic 1, evolution 1
a: no special abilities


You were on level 5 of the Dungeon.
You visited 1 branch of the dungeon, and saw 5 of its levels.

You collected 210 gold pieces.
You spent 10 gold pieces at shops.

Inventory:

Hand Weapons
 a - a +0 war axe (weapon)
Armour
 c - a +0 buckler (worn)
 g - a +0 plate armour (worn)
Jewellery
 i - a +4 ring of protection (left hand)
 o - an amulet of faith (around neck)
Scrolls
 b - a scroll of teleportation
 e - 2 scrolls of summoning
 j - a scroll of magic mapping
Potions
 d - 2 potions of might
 h - 2 potions of resistance
 k - a potion of brilliance
 n - a potion of curing


   Skills:
 + Level 4.5 Fighting
 + Level 4.9 Axes
 + Level 4.7 Armour
 - Level 0.2 Stealth
 + Level 4.4 Shields


You had 6 spell levels left.
You didn't know any spells.
Your spell library contained the following spells:

 Spells                   Type           Power      Damage    Failure   Level
 Pain                     Necr           0%         1d4       100%        1
 Static Discharge         Conj/Air       0%         N/A       100%        2
 Agony                    Necr           0%         N/A       100%        5
 Excruciating Wounds      Necr           0%         N/A       100%        5
 Lightning Bolt           Conj/Air       0%         1d11      100%        5
 Maxwell's Capacitive Co  Air            0%         ∞         100%        8


Dungeon Overview and Level Annotations

Branches:
Dungeon (5/15)
 Temple: D:4-7

Altars:

Shops:
D:1 !   D:5 *

Annotations:
D:5 Eustachio


Innate Abilities, Weirdness & Mutations

You are immune to sickness and miasma.
Your stone body is resilient. (AC +4)
You are immune to poison.
You resist negative energy. (rN+)
You are resistant to electric shocks. (rElec)
You are resistant to unholy torment.
You are immune to petrification.
You have large cloven feet.
Your muscles are strong. (Str +2)
Your spells are a little harder to cast, but a little more powerful.
You have hidden genetic potential.


Message History

The bat hits you but does no damage. The bat barely misses you.
The ufetubus hits you but does no damage. x2
The quasit bites you but does no damage.
The quasit claws you but does no damage. x2
The bat barely misses you.
You hit Eustachio. You kick Eustachio.
Eustachio is severely wounded.
Your plate armour prevents you from hitting the river rat.
Your plate armour prevents you from hitting the bat.
You miss the quasit. You miss the ufetubus. You barely miss the quokka.
You miss the bat.
Eustachio is no longer moving quickly.
You block the bat's attack. The bat hits you but does no damage.
The ufetubus closely misses you. The ufetubus barely misses you.
The bat hits you but does no damage.
The quasit bites you but does no damage.
The quasit claws you.
* * * LOW HITPOINT WARNING * * *
You feel clumsy.
The quasit claws you but does no damage.
The river rat bites you but does no damage.
You block Eustachio's attack.
The quokka bites you but does no damage.
The ufetubus hits you but does no damage.
You block the ufetubus's attack.
You slash Eustachio! Your kick misses Eustachio.
Eustachio is almost dead.
You miss the bat. You slash the quokka!
You kill the quokka!
The quokka's corpse disappears in a puff of smoke!
You miss the ufetubus. You hit the quasit. You slash the river rat!
The bat completely misses you. The bat hits you but does no damage.
The quasit bites you but does no damage.
The quasit closely misses you.
The quasit claws you but does no damage.
The river rat bites you but does no damage.
The ufetubus hits you but does no damage. x2
Eustachio mumbles some strange words.
Eustachio blinks!
The bat hits you but does no damage. The bat hits you but does no damage.
The river rat bites you.
You die...

#........... #......
#.......... #......
#......... #...... ##
#.......# ##.....
...##..@....####+##...##
.............#...##...##
..?......5...'...#....#.
.......rb5...#...'.>..#.
..##..@.§...#...#....#.
#...b....#...#....#.
..........##...##...##
.>..........##...##+####
...!.........#...#......
.............#...#......
..........!..#...#......
#####.##...###..###..###
#.. ## #


You could see Eustachio, a quasit (summoned), a river rat (summoned), an
ufetubus (summoned) and 2 bats.

Vanquished Creatures
  A necrophage (D:4)
  A centaur (D:4)
  2 scorpions (D:5)
  An iguana (D:5)
  6 adders
  3 worms (D:3)
  3 dart slugs
  An orc (D:3)
  6 ball pythons
  12 endoplasms
  3 giant cockroaches
  9 hobgoblins
  6 jackals (D:4)
  4 quokkas
  8 bats
  2 frilled lizards (D:2)
  12 goblins
  9 kobolds
  7 rats
96 creatures vanquished.

Notes
Turn   | Place    | Note
-------+----------+-------------------------------------------
     0 | D:1      | bande the Gargoyle Fighter began the quest for the Orb.
     0 | D:1      | Reached XP level 1. HP: 14/14 MP: 1/1
   103 | D:1      | Reached XP level 2. HP: 18/19 MP: 2/2
   261 | D:1      | Found Nicem's Distillery.
   269 | D:1      | Bought a potion of degeneration for 10 gold pieces
   757 | D:2      | Reached XP level 3. HP: 23/23 MP: 3/3
  1130 | D:2      | Reached XP level 4. HP: 29/29 MP: 4/4
  2182 | D:3      | Found a faded altar of an unknown god.
  2434 | D:3      | Reached XP level 5. HP: 30/33 MP: 5/5
  2883 | D:4      | Noticed a necrophage
  2888 | D:4      | Killed a necrophage
  3117 | D:4      | Reached XP level 6. HP: 38/38 MP: 6/6
  3723 | D:5      | Entered Level 5 of the Dungeon
  3726 | D:5      | Gained mutation: You have large cloven feet. [potion of
                  | mutation]
  3726 | D:5      | Gained mutation: You have hidden genetic potential. [potion
                  | of mutation]
  3726 | D:5      | Gained mutation: Your spells are a little harder to cast,
                  | but a little more powerful. [potion of mutation]
  3726 | D:5      | Gained mutation: Your muscles are strong. (Str +2) [potion
                  | of mutation]
  3744 | D:5      | Found Wianol's General Store.
  4107 | D:5      | Noticed Eustachio
  4137 | D:5      | Reached XP level 7. HP: 3/44 MP: 7/7
  4138 | D:5      | HP: 3/66 [quasit[Eustachio] (1)]
  4140 | D:5      | Slain by a river rat

Illustrated notes

Levels and vault maps discovered:
D:1:      minmay_arrival_five_plusses, layout_loops_ring, serial_shops, shop
D:2:      layout_loops_cross
D:3:      layout_basic, hellmonk_ecumenical_altar_leap_of_faith
D:4:      layout_basic
D:5:      layout_gridville, serial_shops, shop, uniq_pikel, uniq_eustachio

Skill      XL: |  1  2  3  4  5  6 |
---------------+-------------------+-----
Axes           | 2 3 4 |  4.9
Armour         | 4 |  4.7
Shields        | 4 |  4.4
Fighting       | 4 |  4.5
Stealth        | |  0.2

Action                   |  1- 3 |  4- 6 |  7- 9 || total
-------------------------+-------+-------+-------++-------
Melee: War axe           |   124 |   242 |     3 ||   369
       Kick              |       |     6 |     1 ||     7
  Use: Scroll            |     2 |    11 |       ||    13
       Potion            |       |     3 |       ||     3
Armor: Scale mail        |    17 |       |       ||    17
       Plate armour      |    91 |   225 |    21 ||   337
Dodge: Dodged            |    56 |   107 |     6 ||   169
Block: Buckler           |    28 |    73 |     3 ||   104

Table legend: (Time is in decaauts)
 A = Elapsed time spent in this place.
 B = Non-inter-level travel time spent in this place.
 C = Inter-level travel time spent in this place.
 D = Time resting spent in this place.
 E = Time spent auto-exploring this place.
 F = Levels seen in this place.
 G = Mean time per level.
                   A        B        C        D        E       F      G
               +--------+--------+--------+--------+--------+-----+--------+
         Total |   4266 |   4085 |    181 |    617 |   2507 |   5 |  853.2 |
       Dungeon |   4266 |   4085 |    181 |    617 |   2507 |   5 |  853.2 |
               +--------+--------+--------+--------+--------+-----+--------+

Top non-repeatable levels by time:
     D:3: 1298 daAuts
     D:4: 958 daAuts
     D:2: 814 daAuts
     D:1: 771 daAuts
     D:5: 423 daAuts
